 Dungeon Crawl Stone Soup version 0.29.1-1-gd02db6906a (webtiles) character file.

Game seed: 17954218241137931066

3236 masschaos23 the Cleaver (level 9, -1/123 HPs)
             Began as a Hill Orc Fighter on Sept 15, 2022.
             Was a Believer of Beogh.
             Slain by a komodo dragon (13 damage)
             ... on level 8 of the Dungeon.
             The game lasted 00:19:55 (7251 turns).

masschaos23 the Cleaver (Hill Orc Fighter)          Turns: 7251, Time: 00:19:55

Health: -1/123     AC: 24    Str: 29    XL:     9   Next: 98%
Magic:  9/9        EV:  2    Int:  8    God:    Beogh [**....]
Gold:   295        SH:  5    Dex: 10    Spells: 8/8 levels left

rFire   . . .      SeeInvis .   H - +2 hand axe (drain)
rCold   . . .      Faith    .   c - +0 buckler
rNeg    . . .      Spirit   .   (body armour currently unavailable)
rPois   +          Reflect  .   (helmet currently unavailable)
rElec   .          Harm     .   (cloak currently unavailable)
rCorr   +          Rampage  .   (gloves currently unavailable)
Will    .....      NoTele   +   (boots currently unavailable)
Stlth   +.........              (no amulet)
HPRegen 0.30/turn               i - +6 ring of strength
MPRegen 0.11/turn               v - ring of resist corrosion

@: tree-form
A: stationary, stasis, torment immunity, boosted hp
a: Renounce Religion, Smiting


You were on level 8 of the Dungeon.
You worshipped Beogh.
Beogh was pleased with you.
You were a tree.
You visited 1 branch of the dungeon, and saw 8 of its levels.

You collected 347 gold pieces.
You spent 52 gold pieces at shops.

Inventory:

Hand Weapons
 a - a +1 vampiric war axe
 H - a +2 hand axe of draining (weapon)
Missiles
 n - 3 boomerangs
 D - 2 javelins (quivered)
 G - 2 throwing nets
Armour
 b - a +0 scale mail (melded)
 c - a +0 buckler (worn)
 o - a +0 helmet (melded)
Magical Staves
 z - a staff of death
 F - a staff of conjuration
Jewellery
 i - a +6 ring of strength (left branch)
 r - an amulet of magic regeneration
 v - a ring of resist corrosion (right branch)
Wands
 p - a wand of roots (12)
 x - a wand of acid (4)
Scrolls
 e - 3 scrolls of blinking
 f - a scroll of acquirement
 j - a scroll of brand weapon
 k - a scroll of teleportation
 s - a scroll of butterflies
 u - 2 scrolls of poison
 y - a scroll of noise
 C - a scroll of fear
 E - a scroll of summoning
 I - a scroll of amnesia
Potions
 d - a potion of might
 g - 2 potions of degeneration
 h - 2 potions of lignification
 l - a potion of curing
 m - 2 potions of magic
 q - a potion of berserk rage
 t - a potion of resistance
 A - a potion of attraction


   Skills:
 + Level 8.5 Fighting
 + Level 11.6 Axes
 + Level 1.4 Throwing
 + Level 8.0 Armour
 - Level 1.7 Dodging
 - Level 0.5 Stealth
 + Level 5.2 Shields
 + Level 0.2 Evocations


You had 8 spell levels left.
You didn't know any spells.
Your spell library contained the following spells:

 Spells                   Type           Power      Damage    Failure   Level
 Sting                    Tmut/Pois      0%         1d3       50%         1
 Poisonous Vapours        Pois/Air       0%         N/A       63%         2
 Spider Form              Tmut/Pois      0%         N/A       86%         3
 Olgreb's Toxic Radiance  Pois           0%         N/A       99%         4
 Irradiate                Conj/Tmut      0%         3d11      100%        5
 Yara's Violent Unravell  Hex/Tmut       0%         3d3       100%        5
 Storm Form               Tmut/Air       0%         N/A       100%        7


Dungeon Overview and Level Annotations

Branches:
Dungeon (8/15)             Temple (0/1) D:6            Lair (0/5) D:8

Altars:
Zin

Shops:
D:2 [   D:3 =!:   D:5 ([(*   D:6 *

Annotations:
D:4 Blork the orc


Message History

You feel strangely unstable. The bullfrog hits you.
The two-headed ogre closely misses you. You block the two-headed ogre's attack.
The kobold brigand hits you with a +0 dagger.
The komodo dragon hisses menacingly.
The bullfrog closely misses you. The bullfrog attacks as you move away!
The bullfrog hits you but does no damage.
Your surroundings suddenly seem different.
Found a staircase to the Lair.
The komodo dragon hisses angrily.
Okay, then.
You slash the plant!
The plant begins to die.
You drain the plant.
The plant is lightly damaged.
The komodo dragon bites the plant!
The plant begins to die.
A nearby plant withers and dies.
The komodo dragon bites the plant!!
The komodo dragon bites the plant.
The plant begins to die.
The komodo dragon bites the plant.
You swing at nothing.
You hit the komodo dragon but do no damage.
The komodo dragon bites you but does no damage.
You barely miss the komodo dragon. You slash the komodo dragon!
The komodo dragon is lightly wounded.
The komodo dragon barely misses you.
You hit the komodo dragon. You drain the komodo dragon.
The komodo dragon is moderately wounded.
The komodo dragon bites you!
* * * LOW HITPOINT WARNING * * *
You feel better. The komodo dragon closely misses you.
You closely miss the komodo dragon.
The komodo dragon is moderately wounded.
The komodo dragon bites you!!
* * * LOW HITPOINT WARNING * * *
Really quaff the potion of lignification?
Okay, then.
Really quaff the potion of lignification?
You turn into a tree.
Your +0 helmet melds into your body.
Your +0 scale mail melds into your body.
Your roots penetrate the ground.
The komodo dragon bites you!
You die... #PPPPPPPPP## #..
PP..PPPPPPP##

##.
PP.>.lPPPP..#####
##
PPP..PPP........##
PPPPPP......# ..#
### P.PPP......#
#..# ##..
#..P......####...#
#...
###.....#####..#
##..
###......l♣.##
#... ###########
#).. ##.. ###..
#.... ###.. ###..
#.... ...##...#


You could see a komodo dragon (drained).

Vanquished Creatures
  2 hornets
  4 yaks (D:8)
  An orc warrior (D:6)
  A black bear (D:8)
  4 sky beasts
  2 ogres (D:5)
  3 centaurs
  3 kobold brigands
  2 scorpions
  2 bullfrogs (D:7)
  2 necrophages
  A wight (D:8)
  An electric eel (D:7)
  A jelly (D:5)
  2 hounds
  A gnoll bouda (D:6)
  3 orc wizards
  2 iguanas
  13 gnolls
  7 adders
  2 shadow imps
  3 white imps
  2 dart slugs
  38 orcs
  7 endoplasms
  A giant cockroach (D:3)
  6 goblins
  5 hobgoblins
  2 jackals (D:5)
  3 quokkas
  9 ball pythons
  6 bats
  5 frilled lizards
  17 kobolds
  7 rats
170 creatures vanquished.

Vanquished Creatures (others)
  8 plants
8 creatures vanquished.

Grand Total: 178 creatures vanquished

Notes
Turn   | Place    | Note
-------+----------+-------------------------------------------
     0 | D:1      | masschaos23 the Hill Orc Fighter began the quest for the
                  | Orb.
     0 | D:1      | Reached XP level 1. HP: 19/19 MP: 1/1
   106 | D:1      | Reached XP level 2. HP: 21/27 MP: 2/2
   438 | D:1      | Reached skill level 3 in Axes
   525 | D:1      | Found a faded altar of an unknown god.
   528 | D:1      | Got the Precepts of the Stinger and Shapes
   834 | D:2      | Reached XP level 3. HP: 33/33 MP: 3/3
   887 | D:2      | Found Vyfem's Armour Shoppe.
  1077 | D:2      | Reached skill level 4 in Axes
  1111 | D:2      | Reached XP level 4. HP: 37/40 MP: 4/4
  1752 | D:3      | Found Tiohex's Book Boutique.
  1948 | D:3      | Found Koeg's Distillery.
  2219 | D:3      | Found Juroeq's Jewellery Boutique.
  2289 | D:3      | Identified a scroll of acquirement
  2336 | D:4      | Noticed Blork the orc
  2347 | D:3      | You fall into a shaft and drop 2 floors!
  2347 | D:5      | Entered Level 5 of the Dungeon
  2404 | D:5      | Reached XP level 5. HP: 47/47 MP: 5/5
  2409 | D:5      | Reached skill level 5 in Axes
  2480 | D:5      | Noticed an ogre
  2498 | D:5      | Killed an ogre
  2499 | D:5      | Reached skill level 6 in Axes
  2499 | D:5      | Reached XP level 6. HP: 52/53 MP: 6/6
  2516 | D:5      | Reached skill level 5 in Fighting
  2552 | D:5      | Found Zijo's Weapon Emporium.
  2567 | D:5      | Reached skill level 1 in Dodging
  2665 | D:5      | Found Lovivusm's General Store.
  2693 | D:5      | Reached XP level 7. HP: 61/61 MP: 7/7
  2707 | D:5      | Found Efesch's Antique Weapon Emporium.
  2757 | D:5      | Became a worshipper of Beogh the Brigand
  2833 | D:5      | Found Vupluoqe's Armour Shoppe.
  2967 | D:5      | Bought 2 javelins for 19 gold pieces
  3004 | D:5      | Reached skill level 7 in Axes
  3397 | D:6      | Found a staircase to the Ecumenical Temple.
  3604 | D:6      | Reached skill level 8 in Axes
  3884 | D:6      | Reached skill level 5 in Armour
  3884 | D:6      | Reached XP level 8. HP: 65/68 MP: 8/8
  3970 | D:6      | Reached * piety under Beogh
  4409 | D:6      | Found Gonnemp's General Store.
  4417 | D:6      | Bought a throwing net for 33 gold pieces
  4748 | D:7      | Noticed a hornet
  4755 | D:7      | Killed a hornet
  4978 | D:7      | Reached skill level 9 in Axes
  5842 | D:7      | Reached skill level 1 in Throwing
  5952 | D:7      | Found a glowing silver altar of Zin.
  6004 | D:7      | Reached XP level 9. HP: 50/78 MP: 9/9
  6481 | D:8      | Reached skill level 10 in Axes
  6571 | D:8      | Noticed a hornet
  6575 | D:8      | Paralysed by a hornet for 1 turns
  6580 | D:8      | Paralysed by a hornet for 2 turns
  6585 | D:8      | Paralysed by a hornet for 3 turns
  6588 | D:8      | Killed a hornet
  6589 | D:8      | Reached skill level 5 in Shields
  6853 | D:8      | Reached skill level 11 in Axes
  7195 | D:8      | Reached ** piety under Beogh
  7222 | D:8      | Noticed a two-headed ogre
  7225 | D:8      | Noticed a komodo dragon
  7229 | D:8      | Found a staircase to the Lair.
  7229 | D:8      | Noticed a komodo dragon
  7251 | D:8      | Slain by a komodo dragon

Illustrated notes

Levels and vault maps discovered:
D:1:      kennysheep_arrival_seaside, layout_rooms,
          ebering_ecumenical_altar_hall
D:2:      layout_loops_ring, serial_shops, nicolae_shop_window_shopping
D:3:      layout_rooms, serial_shops, shop, shop, shop
D:4:      layout_gridville, nicolae_uskayaw_suspiria, uniq_ijyb, uniq_menkaure,
          uniq_crazy_yiuf_cottage, uniq_blork_the_orc
D:5:      layout_basic, serial_shops, shop_fountains,
          nicolae_shop_overgrown_old_shop, kennysheep_mini_moat,
          nicolae_shop_window_shopping, grunt_ministairs_15
D:6:      layout_basic, temple_green, serial_shops, nicolae_diamond_shop,
          minmay_fountain_box
D:7:      cheibrodos_helix_gallery, layout_basic, zin_statuary
D:8:      cheibrodos_ideogram_h, layout_cave_pools,
          mainiacjoe_overflow_two_lobes, mainiacjoe_overflow_alcove_2,
          david_lair_shrubbed

Skill      XL: |  1  2  3  4  5  6  7  8  9 |
---------------+----------------------------+-----
Fighting       | 4 5 6 8 |  8.5
Axes           | 3 4 6 8 9 11 | 11.6
Armour         | 4 5 6 8 |  8.0
Dodging        | 1 |  1.7
Shields        | 4 5 |  5.2
Throwing       | 1 |  1.4
Stealth        | |  0.5
Evocations     | |  0.2

Action                   |  1- 3 |  4- 6 |  7- 9 || total
-------------------------+-------+-------+-------++-------
Melee: War axe           |   103 |   162 |   102 ||   367
       Hand axe          |       |       |   219 ||   219
Throw: Boomerang         |       |       |     8 ||     8
       Javelin           |       |       |     5 ||     5
Invok: Convert to Beogh  |       |       |     1 ||     1
Evoke: Wand              |       |     1 |     1 ||     2
  Use: Scroll            |     7 |     8 |    10 ||    25
       Potion            |       |     1 |     5 ||     6
Armor: Scale mail        |    54 |    71 |   121 ||   246
       Skin              |       |    10 |       ||    10
Dodge: Dodged            |    63 |    67 |   158 ||   288
Block: Buckler           |    23 |    40 |    82 ||   145
